 Dungeon Sprint DCSS version 0.17.0-26-gececa24 (webtiles) character file.

15700000 George the Blood Saint (level 27, -28/244 (249) HPs)
             Began as a Demonspawn Necromancer on Nov 19, 2015.
             Was the Champion of Makhleb.
             Annihilated by a destroyer
             ... wielding a +9 great sword of slicing
              (134 damage)
             ... in the Dungeon (Sprint VIII: "Arena of Blood").
             The game lasted 00:08:59 (157 turns).

George the Blood Saint (Demonspawn Necromancer)      Turns: 157, Time: 00:08:59

HP:   -28/244 (249) AC:  4    Str:  9    XL:     27
MP:   0/54          EV: 33    Int: 26    God:    Makhleb [******]
Gold: 0             SH:  0    Dex: 17    Spells: 1 memorised, 79 levels left

rFire  . . .     SeeInvis .     j - +∞ Axe of Woe
rCold  + . .     Clarity  .     a - +0 robe
rNeg   . . .     SustAt   .     (shield currently unavailable)
rPois  .         Gourm    .     (helmet unavailable)
rElec  .         Spirit   +     (no cloak)
rCorr  .         Warding  .     (gloves unavailable)
rMut   .         NoTele   +     (boots unavailable)
MR     ++...                    (no amulet)
Stlth  +++++++++.               (no ring)
                                (no ring)

@: lethally poisoned (-28 -> -28), slowed, very slow, very resistant to hostile
enchantments, incredibly stealthy
A: claws 3, hooves 3, horns 3, cold resistance 1, passive freeze, powered by
death 3, magic shield, magic regeneration, magic link, freezing cloud immunity
a: Minor Destruction, Lesser Servant of Makhleb, Major Destruction, Greater
Servant of Makhleb, Renounce Religion


You were in the Dungeon.
You worshipped Makhleb.
Makhleb was exalted by your worship.
You were hungry.

You visited 1 branch

Inventory:

Hand Weapons
 j - the +∞ Axe of Woe (weapon)
   (You found it in the Dungeon)
Armour
 a - a +0 robe (worn)
Scrolls
 i - a scroll of blinking
Potions
 d - a potion of curing
 e - a potion of heal wounds
 f - a potion of haste
 g - 2 potions of magic
 h - a potion of berserk rage
Books
 b - a book of Necromancy

   Spells                             Type                      Level
   a - Pain                           Necromancy                   1
   b - Animate Skeleton               Necromancy                   1
   c - Vampiric Draining              Necromancy                   3
   d - Regeneration                   Charms/Necromancy            3
   e - Animate Dead                   Necromancy                   4
   f - Control Undead                 Necromancy                   4
Comestibles
 c - a bread ration


   Skills:
 O Level 27 Fighting
 O Level 27 Axes
 O Level 27 Throwing
 O Level 27 Armour
 O Level 27 Dodging
 O Level 27 Stealth
 O Level 27 Unarmed Combat
 O Level 27 Spellcasting
 O Level 27 Necromancy
 O Level 27 Invocations


You had 79 spell levels left.
You knew the following spells:

 Your Spells              Type           Power        Failure   Level  Hunger
a - Pain                  Necr           ####         0%          1    None


Dungeon Overview and Level Annotations

Branches:
Dungeon (1/1)

Altars:
Makhleb


Innate Abilities, Weirdness & Mutations

You have claws for hands.
You have hooves in place of feet.
You have a pair of large horns on your head.
Your flesh is cold resistant.
A frigid envelope surrounds you and freezes all who hurt you.
You regenerate a lot of health from kills.
When hurt, damage is shared between your health and your magic reserves.
You regenerate magic rapidly.
When low on magic, you restore magic in place of health.
You are immune to freezing clouds.


Message History

You hit the large abomination but do no damage.
You pulverise the large abomination into a thin bloody mist.
You destroy the large abomination!
Makhleb accepts your kill.
You feel better.
You are engulfed in roaring flames.
You feel sick.
You hear a shout! x2
The fleshlord gestures at you while chanting.
You feel as though you will be slow longer.
You hear a shout!
The fleshlord gestures at you while chanting.
You barely resist.
The bag of meat moves out of view.
You hear a shout! x3
The fleshlord casts a spell at you.
You already are as slow as you could be.
The bag of meat hits you with a +9 war axe!!
The bag of meat is very cold.
The bag of meat is almost dead.
The destroyer hits you with a +9 great sword of slicing!!!!!
Ouch! That really hurt!
You die...

..... .. #....
.O# .. #... .%#
..p###... ..###.
..§.§.p)###......
#o...xW)zX......
#pp22.# #§§§._#
#§§@V.#
...oozo_.......
....oO###......
..###... ..###. .
#... ..# #... .#
....D .. .. .o


You could see 2 reapers, a destroyer, 3 fleshlords, 2 sculptors of flesh, a
large abomination, a dread, 2 meat berserkers and 5 bags of meat.

Vanquished Creatures
  14 hell beasts (D)
  9 greater mummies (D)
  78 orcs (D)
  7 phantoms (D)
  5 hill giants (D)
  4 skeletal warriors (D)
  6 great orbs of eyes (D)
  12 hell knights (D)
  7 sea snakes (D)
  4 wraiths (D)
  13 large abominations (D)
  6 small abominations (D)
  3 crawling corpses (D)
  Sigmund (D)
  19 vampire knights (D)
  45 ogres (D)
  6 liches (D)
  3 hydras (D)
242 creatures vanquished.

Vanquished Creatures (collateral kills)
  2 orcs (D)
  A sea snake (D)
  An ogre (D)
4 creatures vanquished.

Vanquished Creatures (others)
  3 orcs (D)
  2 crawling corpses (D)
5 creatures vanquished.

Grand Total: 251 creatures vanquished

Notes
Turn   | Place    | Note
--------------------------------------------------------------
     0 | D        | George the Demonspawn Necromancer began the quest for the Orb.
     0 | D        | Reached XP level 1. HP: 13/13 MP: 3/3
     3 | D        | Noticed a meat berserker
     3 | D        | Noticed a meat berserker
     4 | D        | Became a worshipper of Makhleb the Destroyer
     5 | D        | Noticed a meat berserker
     6 | D        | Noticed a bag of meat
     6 | D        | Killed a meat berserker
     6 | D        | Reached skill level 15 in Fighting
     6 | D        | Reached skill level 16 in Necromancy
     6 | D        | Reached skill level 18 in Invocations
     6 | D        | Gained mutation: You regenerate a little health from kills. [demonic ancestry]
     6 | D        | Reached XP level 2. HP: 15/44 MP: 3/17
     6 | D        | Reached XP level 3. HP: 17/50 MP: 3/18
     6 | D        | Reached XP level 4. HP: 19/57 MP: 3/20
     6 | D        | Gained mutation: You have a pair of small horns on your head. [demonic ancestry]
     6 | D        | Reached XP level 5. HP: 21/63 MP: 3/21
     6 | D        | Gained mutation: You have a pair of horns on your head. [demonic ancestry]
     6 | D        | Reached XP level 6. HP: 23/70 MP: 3/23
     6 | D        | Gained mutation: You regenerate health from kills. [demonic ancestry]
     6 | D        | Reached XP level 7. HP: 24/76 MP: 3/24
     6 | D        | Gained mutation: You have large cloven feet. [demonic ancestry]
     6 | D        | Reached XP level 8. HP: 26/83 MP: 3/26
     6 | D        | Reached XP level 9. HP: 27/89 MP: 3/27
     6 | D        | Gained mutation: You have hoof-like feet. [demonic ancestry]
     6 | D        | Reached XP level 10. HP: 29/96 MP: 3/28
     6 | D        | Gained mutation: You have hooves in place of feet. [demonic ancestry]
     6 | D        | Reached XP level 11. HP: 30/102 MP: 3/29
     6 | D        | Gained mutation: You have sharp fingernails. [demonic ancestry]
     6 | D        | Reached XP level 12. HP: 32/109 MP: 3/30
     6 | D        | Reached XP level 13. HP: 33/115 MP: 3/31
     6 | D        | Killed a meat berserker
     6 | D        | Reached * piety under Makhleb
     6 | D        | Reached skill level 19 in Necromancy
     6 | D        | Reached skill level 21 in Invocations
     6 | D        | Gained mutation: You have very sharp fingernails. [demonic ancestry]
     6 | D        | Reached XP level 14. HP: 34/128 MP: 3/34
     6 | D        | Noticed a bag of meat
     7 | D        | Noticed a bag of meat
     7 | D        | Noticed a meat berserker
     7 | D        | Killed a meat berserker
     7 | D        | Reached skill level 23 in Invocations
     7 | D        | Gained mutation: You have a pair of large horns on your head. [demonic ancestry]
     7 | D        | Reached XP level 15. HP: 12/139 MP: 3/37
     7 | D        | Killed a meat berserker
     7 | D        | Reached ** piety under Makhleb
     7 | D        | Reached skill level 25 in Invocations
     8 | D        | Killed a bag of meat
     8 | D        | Reached skill level 26 in Invocations
     8 | D        | Gained mutation: When hurt, damage is shared between your health and your magic reserves. [demonic ancestry]
     8 | D        | Reached XP level 16. HP: 17/152 MP: 4/40
     9 | D        | Noticed a meat berserker
     9 | D        | Noticed a bag of meat
     9 | D        | Killed a bag of meat
     9 | D        | Reached *** piety under Makhleb
     9 | D        | Reached skill level 27 in Invocations
    10 | D        | Noticed a bag of meat
    10 | D        | Killed a bag of meat
    11 | D        | Noticed a bag of meat
    11 | D        | Noticed a bag of meat
    11 | D        | Noticed a meat berserker
    11 | D        | Killed a meat berserker
    11 | D        | Gained mutation: You regenerate magic rapidly. [demonic ancestry]
    11 | D        | Reached XP level 17. HP: 93/167 MP: 3/43
    12 | D        | Killed a bag of meat
    12 | D        | Reached **** piety under Makhleb
    12 | D        | Reached skill level 27 in Necromancy
    12 | D        | Noticed a bag of meat
    13 | D        | Noticed a bag of meat
    13 | D        | Killed a meat berserker
    13 | D        | Reached XP level 18. HP: 176/181 MP: 5/47
    14 | D        | Noticed a meat berserker
    14 | D        | Killed a bag of meat
    14 | D        | Reached skill level 27 in Fighting
    14 | D        | Killed a bag of meat
    14 | D        | Reached ***** piety under Makhleb
    15 | D        | Noticed a meat berserker
    15 | D        | Killed a bag of meat
    15 | D        | Reached skill level 27 in Dodging
    15 | D        | Reached skill level 27 in Spellcasting
    15 | D        | Noticed a bag of meat
    16 | D        | Killed a meat berserker
    16 | D        | Gained mutation: When low on magic, you restore magic in place of health. [demonic ancestry]
    16 | D        | Reached XP level 19. HP: 153/189 MP: 7/50
    17 | D        | Noticed a bag of meat
    17 | D        | Noticed a bag of meat
    17 | D        | Noticed a bag of meat
    17 | D        | Noticed a meat berserker
    17 | D        | Killed a meat berserker
    17 | D        | Killed a bag of meat
    18 | D        | Noticed a bag of meat
    18 | D        | Noticed a bag of meat
    18 | D        | Noticed a destroyer
    18 | D        | Killed a meat berserker
    18 | D        | Reached ****** piety under Makhleb
    18 | D        | Gained mutation: Your flesh is cold resistant. [demonic ancestry]
    18 | D        | Reached XP level 20. HP: 197/197 MP: 24/51
    19 | D        | Noticed a bag of meat
    19 | D        | Killed a destroyer
    20 | D        | Noticed a bag of meat
    20 | D        | Noticed a meat berserker
    20 | D        | Killed a bag of meat
    21 | D        | Noticed a bag of meat
    22 | D        | Noticed a bag of meat
    22 | D        | Noticed a meat berserker
    22 | D        | Killed a meat berserker
    22 | D        | Gained mutation: You have claws for hands. [demonic ancestry]
    22 | D        | Reached XP level 21. HP: 204/204 MP: 39/52
    22 | D        | Killed a bag of meat
    22 | D        | Reached skill level 27 in Stealth
    23 | D        | Noticed a bag of meat
    23 | D        | Killed a bag of meat
    23 | D        | Reached skill level 27 in Axes
    23 | D        | Reached skill level 27 in Armour
    23 | D        | Reached skill level 1 in Throwing
    23 | D        | Reached skill level 1 in Unarmed Combat
    23 | D        | Killed a bag of meat
    24 | D        | Killed a bag of meat
    24 | D        | Killed a meat berserker
    24 | D        | Gained mutation: You are immune to freezing clouds. [demonic ancestry]
    24 | D        | Reached XP level 22. HP: 212/212 MP: 45/53
    25 | D        | Noticed a bag of meat
    26 | D        | Noticed a bag of meat
    26 | D        | Killed a bag of meat
    26 | D        | Killed a bag of meat
    27 | D        | Noticed a destroyer
    27 | D        | Noticed a meat berserker
    27 | D        | Noticed a destroyer
    27 | D        | Killed a bag of meat
    27 | D        | Killed a destroyer
    28 | D        | Noticed a meat berserker
    28 | D        | Noticed a destroyer
    28 | D        | Killed a bag of meat
    29 | D        | Noticed a bag of meat
    30 | D        | Noticed a bag of meat
    30 | D        | Noticed a destroyer
    30 | D        | Killed a bag of meat
    30 | D        | Reached skill level 27 in Throwing
    30 | D        | Reached skill level 27 in Unarmed Combat
    30 | D        | Gained mutation: You regenerate a lot of health from kills. [demonic ancestry]
    30 | D        | Reached XP level 23. HP: 219/219 MP: 52/54
    30 | D        | Killed a bag of meat
    31 | D        | Noticed a bag of meat
    31 | D        | Noticed a bag of meat
    31 | D        | Noticed a large bag of meat
    31 | D        | Killed a bag of meat
    32 | D        | Noticed a bag of meat
    32 | D        | Killed a bag of meat
    32 | D        | Killed a meat berserker
    33 | D        | Noticed a destroyer
    33 | D        | Noticed a destroyer
    34 | D        | Noticed a sculptor of flesh
    34 | D        | Noticed a bag of meat
    34 | D        | Noticed a bag of meat
    34 | D        | Noticed a large bag of meat
    34 | D        | Killed a meat berserker
    34 | D        | Reached XP level 24. HP: 227/227 MP: 44/54
    35 | D        | Noticed a sculptor of flesh
    35 | D        | Killed a large bag of meat
    36 | D        | Noticed a destroyer
    36 | D        | Noticed a large bag of meat
    36 | D        | Killed a destroyer
    36 | D        | Killed a destroyer
    37 | D        | Killed a destroyer
    37 | D        | Gained mutation: A frigid envelope surrounds you and freezes all who hurt you. [demonic ancestry]
    37 | D        | Reached XP level 25. HP: 234/234 MP: 42/54
    38 | D        | Killed a destroyer
    39 | D        | Killed a bag of meat
    39 | D        | Killed a bag of meat
    40 | D        | Killed a bag of meat
    42 | D        | Killed a bag of meat
    42 | D        | Killed a bag of meat
    43 | D        | Noticed a meat berserker
    44 | D        | Killed a bag of meat
    44 | D        | Killed a large bag of meat
    44 | D        | Reached XP level 26. HP: 242/242 MP: 36/54
    45 | D        | Killed a sculptor of flesh
    45 | D        | Killed a sculptor of flesh
    45 | D        | Killed a large bag of meat
    47 | D        | Killed a bag of meat
    47 | D        | Killed a destroyer
    48 | D        | Noticed a bag of meat
    48 | D        | Killed a meat berserker
    49 | D        | Noticed a meat berserker
    50 | D        | Noticed a meat berserker
    50 | D        | Noticed a meat berserker
    50 | D        | Killed a meat berserker
    50 | D        | Reached XP level 27. HP: 249/249 MP: 39/54
    50 | D        | Killed a destroyer
    51 | D        | Noticed a bag of meat
    51 | D        | Killed a bag of meat
    52 | D        | Noticed a bag of meat
    53 | D        | Noticed a bag of meat
    53 | D        | Noticed a bag of meat
    53 | D        | Noticed a bag of meat
    54 | D        | Noticed a bag of meat
    54 | D        | Killed a meat berserker
    54 | D        | Killed a bag of meat
    56 | D        | Killed a meat berserker
    58 | D        | Killed a bag of meat
    58 | D        | Killed a bag of meat
    59 | D        | Noticed a bag of meat
    59 | D        | Killed a bag of meat
    59 | D        | Killed a bag of meat
    60 | D        | Noticed a bag of meat
    60 | D        | Noticed a meat berserker
    60 | D        | Killed a bag of meat
    61 | D        | Noticed a dread
    61 | D        | Killed a dread
    62 | D        | Noticed a meat berserker
    62 | D        | Noticed a bag of meat
    62 | D        | Noticed a bag of meat
    62 | D        | Killed a bag of meat
    63 | D        | Noticed a meat beast
    63 | D        | Noticed a bag of meat
    63 | D        | Noticed a meat berserker
    63 | D        | Killed a bag of meat
    63 | D        | Killed a bag of meat
    64 | D        | Noticed a meat berserker
    64 | D        | Noticed a bag of meat
    64 | D        | Noticed a destroyer
    65 | D        | Noticed a tyrant
    65 | D        | Noticed a destroyer
    65 | D        | Killed a meat berserker
    65 | D        | Killed a bag of meat
    65 | D        | Killed a meat berserker
    66 | D        | Noticed an accursed
    66 | D        | Killed a meat berserker
    67 | D        | Noticed a meat beast
    67 | D        | Killed a meat beast
    69 | D        | Noticed a large bag of meat
    69 | D        | Noticed a meat beast
    69 | D        | Noticed a meat beast
    69 | D        | Killed a meat beast
    70 | D        | Noticed a dread
    70 | D        | Killed a meat berserker
    71 | D        | Noticed a meat berserker
    71 | D        | Noticed a destroyer
    71 | D        | Killed a destroyer
    71 | D        | Killed a meat beast
    71 | D        | Killed a meat beast
    72 | D        | Noticed a bag of meat
    72 | D        | Noticed a meat beast
    72 | D        | Killed a bag of meat
    73 | D        | Noticed a destroyer
    73 | D        | Noticed a meat berserker
    73 | D        | Killed a bag of meat
    74 | D        | Noticed a destroyer
    74 | D        | Killed a destroyer
    74 | D        | Killed a large bag of meat
    74 | D        | Killed a destroyer
    75 | D        | Noticed a bag of meat
    75 | D        | Killed a meat berserker
    75 | D        | Killed a wretched soul
    76 | D        | Noticed a bag of meat
    76 | D        | Noticed a destroyer
    76 | D        | Noticed a meat beast
    76 | D        | Killed a meat beast
    77 | D        | Noticed a meat berserker
    77 | D        | Killed a destroyer
    78 | D        | Noticed a sculptor of flesh
    78 | D        | Noticed The Captor
    78 | D        | Killed an accursed
    78 | D        | Killed a bag of meat
    78 | D        | Killed a meat berserker
    79 | D        | Noticed a bag of meat
    79 | D        | Noticed a bag of meat
    79 | D        | Noticed a bag of meat
    79 | D        | Killed a bag of meat
    79 | D        | Killed a wretched soul
    80 | D        | Noticed a sculptor of flesh
    80 | D        | Killed a meat beast
    81 | D        | Noticed a bag of meat
    81 | D        | Noticed a meat berserker
    81 | D        | Killed a bag of meat
    82 | D        | Noticed a meat berserker
    82 | D        | Killed a meat berserker
    82 | D        | Killed a destroyer
    83 | D        | Noticed a meat berserker
    83 | D        | Killed a meat berserker
    83 | D        | Killed a meat berserker
    84 | D        | Killed a sculptor of flesh
    84 | D        | Killed a destroyer
    85 | D        | Noticed a bag of meat
    85 | D        | Killed a tyrant
    86 | D        | Noticed a bag of meat
    86 | D        | Killed a dread
    87 | D        | Killed a bag of meat
    87 | D        | Killed a bag of meat
    89 | D        | Noticed a bag of meat
    89 | D        | Noticed a tyrant
    89 | D        | Killed a bag of meat
    89 | D        | Killed a wretched soul
    90 | D        | Noticed a bag of meat
    91 | D        | Noticed an accursed
    91 | D        | Killed a meat berserker
    91 | D        | Killed a wretched soul
    92 | D        | Noticed a tyrant
    92 | D        | Killed The Captor
    92 | D        | Killed a bag of meat
    92 | D        | Killed a tyrant
    95 | D        | Killed a bag of meat
    96 | D        | Noticed a bag of meat
    96 | D        | Killed a bag of meat
    96 | D        | Killed a bag of meat
    97 | D        | Noticed a bag of meat
    97 | D        | Noticed a bag of meat
    98 | D        | Noticed a destroyer
    98 | D        | Noticed a meat berserker
    98 | D        | Killed a destroyer
    99 | D        | Noticed a bag of meat
    99 | D        | Killed a bag of meat
   100 | D        | Noticed a bag of meat
   100 | D        | Killed a meat berserker
   101 | D        | Noticed a destroyer
   101 | D        | Noticed a bag of meat
   101 | D        | Noticed a bag of meat
   101 | D        | Noticed a bag of meat
   102 | D        | Killed a sculptor of flesh
   103 | D        | Killed an observer
   104 | D        | Noticed a meat berserker
   104 | D        | Killed a bag of meat
   105 | D        | Killed a bag of meat
   105 | D        | Killed a destroyer
   107 | D        | Noticed a bag of meat
   107 | D        | Killed a bag of meat
   107 | D        | Killed a bag of meat
   108 | D        | Killed a bag of meat
   109 | D        | Killed a bag of meat
   110 | D        | Killed an accursed
   112 | D        | Killed a bag of meat
   112 | D        | Killed an observer
   112 | D        | Killed an observer
   113 | D        | Killed a meat berserker
   114 | D        | Killed a tyrant
   115 | D        | Noticed a fleshlord
   115 | D        | Killed a bag of meat
   116 | D        | Noticed a meat berserker
   117 | D        | Noticed a tyrant
   117 | D        | Noticed a meat beast
   117 | D        | Noticed a dread
   117 | D        | Killed a bag of meat
   117 | D        | HP: 10/249 [dread/burst of hellfire (5)]
   118 | D        | Noticed a meat berserker
   118 | D        | Noticed a bag of meat
   118 | D        | Noticed a bag of meat
   118 | D        | Noticed a bag of meat
   119 | D        | Noticed a fleshlord
   119 | D        | Noticed a bag of meat
   119 | D        | Killed a meat berserker
   120 | D        | Noticed a meat beast
   120 | D        | Noticed an accursed
   120 | D        | Noticed a dread
   120 | D        | Noticed a bag of meat
   120 | D        | Noticed a meat berserker
   120 | D        | Noticed a fleshlord
   120 | D        | Noticed an accursed
   120 | D        | Killed a meat beast
   121 | D        | Noticed a fleshlord
   121 | D        | Noticed a bag of meat
   121 | D        | Killed a fleshlord
   121 | D        | Killed a dread
   122 | D        | Noticed a tyrant
   122 | D        | Noticed a bag of meat
   122 | D        | Killed an accursed
   122 | D        | Noticed a meat beast
   122 | D        | Noticed a bag of meat
   123 | D        | Noticed an accursed
   123 | D        | Killed a bag of meat
   123 | D        | Killed a meat berserker
   123 | D        | Killed a tyrant
   123 | D        | Killed an observer
   124 | D        | Noticed a bag of meat
   124 | D        | Killed a fleshlord
   124 | D        | Killed a wretched soul
   124 | D        | Killed a bag of meat
   124 | D        | Killed a meat berserker
   124 | D        | Killed a bag of meat
   125 | D        | Noticed a destroyer
   125 | D        | Noticed a meat berserker
   125 | D        | Killed a bag of meat
   125 | D        | Killed a dread
   126 | D        | Noticed a meat berserker
   126 | D        | Noticed a fleshlord
   126 | D        | Killed a fleshlord
   126 | D        | Killed a bag of meat
   126 | D        | Killed a meat beast
   127 | D        | Noticed a fleshlord
   127 | D        | Killed a meat beast
   127 | D        | Killed a bag of meat
   127 | D        | Killed a fleshlord
   128 | D        | Noticed a bag of meat
   128 | D        | Noticed a meat berserker
   128 | D        | Noticed a bag of meat
   128 | D        | Noticed a meat berserker
   128 | D        | Noticed a bag of meat
   128 | D        | Killed a meat berserker
   128 | D        | Killed a tyrant
   129 | D        | Noticed an accursed
   129 | D        | Killed a meat berserker
   129 | D        | Killed a meat berserker
   130 | D        | Killed a bag of meat
   130 | D        | Killed a destroyer
   131 | D        | Noticed a fleshlord
   132 | D        | Noticed a bag of meat
   132 | D        | Noticed an accursed
   132 | D        | Killed a fleshlord
   132 | D        | Killed a meat berserker
   133 | D        | Noticed a meat berserker
   135 | D        | Noticed a bag of meat
   135 | D        | Noticed a meat berserker
   135 | D        | Killed a fleshlord
   136 | D        | Noticed a meat berserker
   136 | D        | Noticed an accursed
   136 | D        | Noticed a fleshlord
   137 | D        | Noticed a bag of meat
   137 | D        | Noticed a bag of meat
   137 | D        | Noticed a meat berserker
   137 | D        | Killed a fleshlord
   138 | D        | Noticed a bag of meat
   138 | D        | Killed a bag of meat
   139 | D        | Noticed a bag of meat
   139 | D        | Noticed a destroyer
   139 | D        | Noticed a meat berserker
   139 | D        | Noticed a bag of meat
   139 | D        | Noticed a fleshlord
   139 | D        | Killed a meat berserker
   140 | D        | Noticed a meat beast
   140 | D        | Killed a meat berserker
   140 | D        | Killed a wretched soul
   141 | D        | Noticed a dread
   141 | D        | Noticed a meat beast
   141 | D        | Killed a meat berserker
   141 | D        | Killed a bag of meat
   141 | D        | Killed a destroyer
   141 | D        | Killed an observer
   141 | D        | Noticed a bag of meat
   142 | D        | Noticed a fleshlord
   142 | D        | Killed a fleshlord
   142 | D        | Killed a wretched soul
   142 | D        | Killed a meat beast
   143 | D        | Noticed a bag of meat
   143 | D        | Noticed a meat berserker
   143 | D        | Noticed a meat berserker
   143 | D        | Noticed an accursed
   143 | D        | Killed a bag of meat
   143 | D        | Killed a bag of meat
   143 | D        | Killed an observer
   143 | D        | Killed an accursed
   143 | D        | Killed a meat berserker
   144 | D        | Noticed a sculptor of flesh
   144 | D        | Noticed a meat beast
   144 | D        | Noticed a meat beast
   144 | D        | Killed a meat berserker
   144 | D        | Killed a meat beast
   144 | D        | Killed a bag of meat
   144 | D        | Killed a bag of meat
   145 | D        | Noticed a tyrant
   145 | D        | Killed a bag of meat
   145 | D        | Killed an accursed
   145 | D        | Killed a fleshlord
   146 | D        | Noticed a bag of meat
   146 | D        | Killed a meat berserker
   146 | D        | Killed an accursed
   147 | D        | Killed a bag of meat
   147 | D        | Killed a meat berserker
   148 | D        | Noticed a meat berserker
   148 | D        | Noticed a destroyer
   148 | D        | Noticed a sculptor of flesh
   148 | D        | Noticed a fleshlord
   148 | D        | Noticed a destroyer
   148 | D        | Killed a meat beast
   148 | D        | Killed an accursed
   148 | D        | Killed an accursed
   148 | D        | Killed a meat beast
   149 | D        | Noticed a bag of meat
   149 | D        | Killed a fleshlord
   149 | D        | Killed an accursed
   150 | D        | Noticed a destroyer
   150 | D        | Noticed a meat berserker
   150 | D        | Noticed a fleshlord
   150 | D        | Killed a tyrant
   150 | D        | Killed a meat berserker
   150 | D        | Noticed a bag of meat
   151 | D        | Noticed a fleshlord
   151 | D        | Noticed a large bag of meat
   151 | D        | Killed a bag of meat
   151 | D        | Killed a bag of meat
   151 | D        | Noticed a fleshlord
   152 | D        | Noticed a bag of meat
   152 | D        | Noticed a bag of meat
   152 | D        | Killed a bag of meat
   152 | D        | Killed a bag of meat
   153 | D        | Noticed a meat berserker
   153 | D        | Noticed a meat beast
   153 | D        | Noticed a meat berserker
   153 | D        | Noticed a bag of meat
   153 | D        | Killed a meat berserker
   153 | D        | Killed a fleshlord
   153 | D        | Killed a destroyer
   154 | D        | Noticed a meat berserker
   154 | D        | Noticed a fleshlord
   154 | D        | Killed a bag of meat
   154 | D        | Killed a meat berserker
   154 | D        | Killed a bag of meat
   155 | D        | Killed a large bag of meat
   155 | D        | Killed a bag of meat
   156 | D        | Noticed a bag of meat
   156 | D        | Noticed a fleshlord
   156 | D        | Killed a fleshlord
   156 | D        | Killed a meat beast
   157 | D        | Noticed a bag of meat
   157 | D        | Annihilated by a destroyer

Action                   |  1- 3 |  4- 6 |  7- 9 | 10-12 | 13-15 | 16-18 | 19-21 | 22-24 | 25-27 || total
-------------------------+-------+-------+-------+-------+-------+-------+-------+-------+-------++-------
Melee: Executioner's axe |     1 |       |       |       |     2 |     8 |     7 |    10 |   100 ||   128
 Cast: Pain              |       |       |       |       |       |       |       |       |     2 ||     2
Invok: Greater Servant o |       |       |       |       |       |       |     1 |     3 |    16 ||    20
 Stab: Distracted        |       |       |       |       |       |       |       |       |     3 ||     3
